 Dungeon Crawl Stone Soup version 0.21.1-1-g345015f (webtiles) character file.

220 rlgrobin the Skirmisher (level 5, -4/44 HPs)
             Began as a Barachi Fighter on Feb 5, 2018.
             Slain by shakethe's ghost (10 damage)
             ... on level 3 of the Dungeon.
             The game lasted 00:05:57 (2458 turns).

rlgrobin the Skirmisher (Barachi Fighter)           Turns: 2458, Time: 00:05:58

Health: -4/44      AC:  9    Str: 23    XL:     5   Next: 97%
Magic:  5/5        EV:  8    Int:  9    God:
Gold:   166        SH:  5    Dex: 11    Spells: 4/4 levels left

rFire    . . .     SeeInvis .   a - +1 war axe
rCold    . . .     Gourm    .   r - +0 buckler
rNeg     . . .     Faith    .   k - +0 chain mail
rPois    .         Spirit   .   (no helmet)
rElec    .         Reflect  .   (no cloak)
rCorr    .         Harm     .   (no gloves)
MR       .....                  (no boots)
Stlth    ..........             s - amulet of regeneration
HPRegen  0.54/turn              (no ring)
MPRegen  0.09/turn              (no ring)

@: mighty, slow
A: +LOS, swims, slowness 1, strong legs 1
a: Hop


You were on level 3 of the Dungeon.
You were hungry.

You visited 1 branch of the dungeon, and saw 3 of its levels.

You collected 166 gold pieces.


Innate Abilities, Weirdness & Mutations

Shadows flee at your approach. (+LOS)
You can swim through water.
You cover ground slowly.
You can hop short distances.


   Skills:
 + Level 5.0 Fighting
 + Level 3.7 Axes
 + Level 5.0 Armour
 + Level 4.5 Shields


You had 4 spell levels left.
You didn't know any spells.

Inventory:

Hand Weapons
 a - a +1 war axe (weapon)
Armour
 b - a +0 scale mail
 c - a +0 shield
 k - a +0 chain mail (worn)
 r - a +0 buckler (worn)
Jewellery
 s - an amulet of regeneration (around neck)
Wands
 n - a wand of digging (16)
Scrolls
 e - a scroll of fog
 g - a scroll of magic mapping
 h - 2 scrolls of remove curse
 o - 2 scrolls of enchant weapon
 q - a scroll of teleportation {@r4}
Potions
 i - a potion of agility {unknown}
 j - a potion of magic {unknown}
 l - a potion of degeneration {unknown}
 m - a potion of ambrosia
 p - a potion of lignification {!q}
 t - a potion of cancellation {unknown}
Comestibles
 f - 4 rations

Dungeon Overview and Level Annotations

Branches:
Dungeon (3/15)

Altars:
Kikubaaqudgha
Xom

Annotations:
D:3 shakethe's ghost, amateur DsBe

▒..............▒ ▒.▒..........
▒▒'▒▒▒▒▒▒▒▒▒▒▒▒▒▒▒▒ ▒.▒▒.▒▒▒▒..
▒......▒ ▒.. ▒......▒▒.. ▒......▒
▒.▒ ▒▒▒▒.▒.▒▒..
▒......▒▒▒▒▒▒▒▒▒▒.▒▒▒ ▒...▒.▒▒..
.#.....▒............▒ ▒.▒.▒.▒▒..
▒......▒............▒▒▒▒.▒.▒.▒▒..
▒▒▒▒▒▒▒▒............'..▒.▒▒▒.▒▒..
.......WF...▒▒.▒.....▒▒..
.......)....▒▒.▒.........
............▒▒.▒.▒▒▒▒▒▒▒▒
............▒▒.▒.▒.......
............▒▒.▒.▒.▒▒▒▒▒▒
▒▒▒▒▒▒▒▒▒▒▒▒▒▒.▒.▒.▒▒▒▒
▒........▒ ▒▒▒.▒.▒▒.▒ ▒...▒▒.▒


You could see shakethe's ghost.


Message History

Shakethe's ghost barely misses you!
You carve shakethe's ghost like a ham!!!
Shakethe's ghost is severely damaged!
Shakethe's ghost hits you!
You take 2 damage, and have 23/44 hp!
Your chain mail prevents you from hitting shakethe's ghost!
Shakethe's ghost is severely damaged!
Shakethe's ghost hits you! * * * don't die
* * * Shakethe's ghost hits you! * * * don't die
* * * You take 4 damage, and have 19/44 hp!
You closely miss shakethe's ghost!
Shakethe's ghost is severely damaged!
Shakethe's ghost hits you!!! * * * don't die
* * * You take 8 damage, and have 11/44 hp!
Your chain mail prevents you from hitting shakethe's ghost!
Shakethe's ghost is severely damaged!
Shakethe's ghost hits you!!! * * * don't die
* * * You take 6 damage, and have 5/44 hp!
You completely miss shakethe's ghost!
Shakethe's ghost is severely damaged!
You block shakethe's ghost's attack!
Shakethe's ghost hits you but does no damage!
You open shakethe's ghost like a pillowcase!
Shakethe's ghost is severely damaged!
Shakethe's ghost hits you!!! rip

Action                   |  1- 3 |  4- 6 || total
-------------------------+-------+-------++-------
Melee: War axe           |   149 |    27 ||   176
  Use: Scroll            |     6 |     3 ||     9
       Potion            |       |     3 ||     3
  Eat: Chunk             |     2 |       ||     2
       Ration            |     1 |       ||     1
Armor: Scale mail        |    25 |       ||    25
       Chain mail        |    75 |    11 ||    86
Dodge: Dodged            |    52 |    12 ||    64
Block: Shield            |    83 |       ||    83
       Buckler           |       |     3 ||     3

Vault maps used:
D:1:      eino_arrival_water_star, serial_bayou_pond_a
D:2:      doesnt_xom_only_xom
D:3:      lemuel_zombie_altar_kikubaaqudgha, first_ration,
          chequers_ecumenical_altar_simple, uniq_sigmund

Notes
Turn   | Place    | Note
-------+----------+-------------------------------------------
     0 | D:1      | rlgrobin the Barachi Fighter began the quest for the Orb.
     0 | D:1      | Reached XP level 1. HP: 18/18 MP: 1/1
   128 | D:1      | Reached XP level 2. HP: 22/25 MP: 2/2
   599 | D:1      | Reached skill level 4 in Armour
   619 | D:1      | Reached skill level 4 in Fighting
   622 | D:1      | Reached XP level 3. HP: 29/30 MP: 3/3
  1179 | D:2      | Found a deep blue altar of Sif Muna.
  1182 | D:2      | Found a snail-covered altar of Cheibriados.
  1182 | D:2      | Found a shimmering altar of Xom.
  1183 | D:2      | Found a basalt altar of Yredelemnul.
  1183 | D:2      | Found a stormy altar of Qazlal.
  1183 | D:2      | Found a deep blue altar of Sif Muna.
  2034 | D:3      | Reached XP level 4. HP: 37/37 MP: 4/4
  2074 | D:3      | Noticed Sigmund
  2087 | D:3      | Killed Sigmund
  2087 | D:3      | Reached skill level 3 in Axes
  2087 | D:3      | Reached skill level 4 in Shields
  2087 | D:3      | Reached XP level 5. HP: 39/43 MP: 5/5
  2152 | D:3      | Found an ancient bone altar of Kikubaaqudgha.
  2205 | D:3      | Reached skill level 5 in Fighting
  2337 | D:3      | Found a faded altar of an unknown god.
  2434 | D:3      | Noticed shakethe's ghost (amateur DsBe)
  2443 | D:3      | Reached skill level 5 in Armour
  2458 | D:3      | Slain by shakethe's ghost

Vanquished Creatures
  Sigmund (D:3)
  An adder (D:2)
  A worm (D:3)
  3 dart slugs (D:1)
  2 leopard geckos
  An orc (D:3)
  2 ball pythons (D:2)
  6 goblins
  8 hobgoblins
  2 jackals (D:1)
  A quokka (D:2)
  4 bats
  3 kobolds (D:1)
  6 rats
41 creatures vanquished.
